 Dungeon Crawl Stone Soup version 0.31.0-11-ge490571c62 (webtiles) character file.

Game seed: 6494289156103400101

18 Eitelfritz the Trooper (level 2, 0/20 HPs)
             Began as a Gargoyle Fighter on Feb 10, 2024.
             Slain by an endoplasm (3 damage)
             ... on level 2 of the Dungeon.
             The game lasted 00:01:30 (998 turns).

Eitelfritz the Trooper (Gargoyle Fighter)            Turns: 998, Time: 00:01:32

Health: 0/20       AC:  9    Str: 19    XL:     2   Next: 66%
Magic:  2/2        EV:  9    Int:  8    God:
Gold:   37         SH:  4    Dex:  9    Spells: 1/1 levels left

rFire   . . .        a - +0 flail
rCold   . . .        c - +0 buckler
rNeg    + . .        b - +0 scale mail
rPois   ∞            (no helmet)
rElec   +            (no cloak)
rCorr   .            (no gloves)
SInv    .            (no boots)
Will    .....        (no amulet) Stlth
                     (no ring)
HPRegen 0.23/turn    (no ring)
MPRegen 0.08/turn

%: no passive effects
@: no status effects
A: sickness immunity, AC +2, negative energy resistance 1, electricity
resistance, torment resistance 1, petrification resistance
a: no special abilities


You were on level 2 of the Dungeon.
You visited 1 branch of the dungeon, and saw 2 of its levels.

You collected 37 gold pieces.

Inventory:

Hand Weapons
 a - a +0 flail (weapon)
Missiles
 g - 5 poisoned darts (quivered)
Armour
 b - a +0 scale mail (worn)
 c - a +0 buckler (worn)
Scrolls
 f - a scroll of identify {unknown}
 i - a scroll of teleportation {unknown}
 j - a scroll of vulnerability {unknown}
Potions
 d - a potion of might
 e - a potion of brilliance {unknown}
 h - a potion of curing {unknown}
 k - 2 potions of degeneration {unknown}


   Skills:
 + Level 3.8 Fighting
 + Level 2.1 Maces & Flails
 + Level 3.5 Armour
 + Level 3.5 Shields


You had one spell level left.
You didn't know any spells.
Your spell library contained the following spells:

 Spells                   Type           Power      Damage    Failure   Level
 Hailstorm                Conj/Ice       0%         3d5       99%         3
 Summon Ice Beast         Ice/Summ       0%         N/A       99%         3
 Sculpt Simulacrum        Ice/Alch       0%         N/A       100%        6


Dungeon Overview and Level Annotations

Branches:
Dungeon (2/15)

Altars:


Innate Abilities, Weirdness & Mutations

You are immune to sickness and miasma.
Your stone body is resilient. (AC +2)
You are immune to poison.
You resist negative energy. (rN+)
You are resistant to electric shocks. (rElec)
You are resistant to unholy torment.
You are immune to petrification.


Message History

You closely miss the frilled lizard.
The frilled lizard bites you but does no damage.
An endoplasm comes into view.
The quokka barely misses you. The frilled lizard closely misses you.
You completely miss the frilled lizard.
The endoplasm quivers.
The quokka closely misses you. The frilled lizard barely misses you.
The quokka bites you but does no damage.
You sock the frilled lizard!
You kill the frilled lizard!
The endoplasm freezes you.
You are frozen.
You block the quokka's attack.
The quokka bites you but does no damage.
The endoplasm freezes you.
You are frozen.
You hit the quokka but do no damage. You block the quokka's attack.
The endoplasm freezes you.
You are frozen.
* * * LOW HITPOINT WARNING * * *
The quokka bites you but does no damage.
The endoplasm hits you.
* * * LOW HITPOINT WARNING * * *
The quokka attacks as it pursues you! You block the quokka's attack.
The quokka attacks as it pursues you! The quokka barely misses you.
The quokka bites you but does no damage.
There is a stone staircase leading up here.
You thump the quokka!
You kill the quokka!
You block the endoplasm's attack.
You barely miss the endoplasm. The endoplasm freezes you.
You are frozen.
* * * LOW HITPOINT WARNING * * *
You hit the endoplasm.
The endoplasm is lightly wounded.
The endoplasm freezes you.
You are frozen.
* * * LOW HITPOINT WARNING * * *
The endoplasm hits you.
You die...

#. .#.# #.
#...#.# #.
#...#.# #.
#.....# #>
#.#.!.# #.
#.....# #.
#.#..#####
#.###........<
#.<@J.)..#####
#####.##$#
...# .# ?..###
# ..... ##..
##. #


You could see an endoplasm.

Vanquished Creatures
  An endoplasm (D:1)
  A giant cockroach (D:1)
  A hobgoblin (D:1)
  4 jackals (D:1)
  A quokka (D:2)
  2 ball pythons (D:1)
  2 frilled lizards
  3 goblins
  A kobold (D:1)
16 creatures vanquished.

Notes
Turn   | Place    | Note
-------+----------+-------------------------------------------
     0 | D:1      | Eitelfritz the Gargoyle Fighter began the quest for the
                  | Orb.
     0 | D:1      | Reached XP level 1. HP: 14/14 MP: 1/1
   425 | D:1      | Reached XP level 2. HP: 20/20 MP: 2/2
   998 | D:2      | Slain by an endoplasm

Illustrated notes

Levels and vault maps discovered:
D:1:      dpeg_arrival_lava_altar, layout_basic
D:2:      layout_loops_ring

Action                     || total
---------------------------++-------
  Melee: Flail             ||    51
 Armour: Scale mail        ||    43
  Dodge: Dodged            ||    32
  Block: Buckler           ||    17
